TKirby, chaotic male elven Wizard ------- ------------ ------ ##.^....| |[.........| |.....# # |>....| |..<.......| #-....|[ ### |.....| |...........#########|....|[ ------------- # |.....| |..........| |....|# |*.(......(*.#########|......# ------------ ------# |.....*.....| # #------- # |...-----...| ### ### |...|.{.|...| # # |..*.{.{|*..-## ##....|.{.|...| |...-----...| |.....`..u.f+ |`........@`| ------------- TKirby the Conjurer Experience level: 5 Strength: 11 Dexterity: 14 Constitution: 15 Intelligence: 20 Wisdom: 10 Charisma: 8 Health: 0(41) Energy: 5(60) Def: 3 Gold: 593 Moves: 3470 Dungeon seed: imPfdFB47bIiz26s Game ID: TKirby_1506959177 Your Inventory: Coins $ - 593 gold pieces Weapons a - a blessed +1 quarterstaff (weapon in hands) Armor e - an uncursed +0 cloak of magic resistance (being worn) q - an uncursed +0 pair of gauntlets of dexterity Scrolls i - an uncursed scroll of confuse monster j - an uncursed scroll of gold detection k - 2 uncursed scrolls of taming s - an uncursed scroll of scare monster B - an uncursed scroll of charging D - an uncursed scroll of amnesia I - an uncursed scroll of magic mapping L - a cursed scroll of identify P - an uncursed scroll of scare monster Spellbooks l - a blessed spellbook of force bolt m - an uncursed spellbook of extra healing p - an uncursed spellbook of protection J - an uncursed spellbook of healing O - an uncursed spellbook of light Potions f - an uncursed potion of speed g - an uncursed potion of gain energy h - an uncursed potion of water E - a cursed potion of levitation Rings c - an uncursed ring of sustain ability d - a blessed +2 ring of protection (on left hand) Wands b - a wand of striking (0:7) F - a wand of lightning (0:8) M - a wand of secret door detection (0:15) Tools n - an uncursed wooden harp u - an uncursed lock pick y - a bag of tricks (0:11) z - an uncursed blindfold Gems r - 2 uncursed opals N - an uncursed flint stone Y - an uncursed worthless piece of white glass Spells and supernatural/magical abilities: Name Level Category Fail Memory a - force bolt 1 attack 0% 83% h - healing 1 healing 0% 97% l - light 1 divination 0% 99% p - protection 1 clerical 0% 83% x - extra healing 3 healing 71% 83% W - pray for help -- divine ? -- Your skills at the end: Fighting Skills Weapon Skills quarterstaff [Basic] Spellcasting Skills attack spells [Basic] enchantment spells [Basic] Final Attributes: You were piously aligned. You were sleep resistant. You were magic-protected. You were telepathic. You had infravision. You were protected. You are dead. Vanquished creatures: a small mimic a raven a shrieker a golden naga hatchling a straw golem a little dog a floating eye a dwarf a homunculus 2 orc zombies 2 iguanas a gas spore a hobbit a hobgoblin a brown mold 2 geckos 3 jackals a kobold 2 goblins 2 sewer rats 4 grid bugs a kobold zombie 8 newts 40 creatures vanquished. Voluntary challenges: You used a wielded weapon 35 times, starting on turn 254. You read items or engraved 9 times, starting on turn 56. You never genocided any monsters. You never polymorphed an object. You never changed form. You used no wishes. You never split a pudding. You never wrote Elbereth's name. You violated your moral code, losing 22 points of alignment, starting on turn 2354. Dungeon overview: The Dungeons of Doom: levels 1 to 7 Level 1 a long staircase Level 2 a fountain Level 3 a hardware shop a long staircase Level 4 Level 5 a sink Level 6 a general store, a sink Level 7 <- You were here many fountains History has recorded: On T:1 you entered the Dungeons of Doom to retrieve the Amulet of Yendor! On T:638 you reached level 2 of The Dungeons of Doom. On T:1273 you reached level 3 of The Dungeons of Doom. On T:1753 you reached level 4 of The Dungeons of Doom. On T:1874 you advanced to experience level 2. On T:2125 you reached level 5 of The Dungeons of Doom. On T:2252 you advanced to experience level 3. On T:2605 you reached level 6 of The Dungeons of Doom. On T:2889 you advanced to experience level 4. On T:2929 you reached level 7 of The Dungeons of Doom. On T:3301 you advanced to experience level 5. Score breakdown: Gold: 593 ( 9435 points) Experience: 5 levels (11141 points) Exploration: 7 levels ( 15.22%) (10954 points) Discoveries: 9 items ( 3.26%) ( 5417 points) Valuables value: (no points given unless you survive) Artifact value: 0 ( 0 points) Variety of kills: 23 monsters ( 6.04%) ( 7370 points) Turncount: 3470 turns ( -814 points) Survival: died (score multiplied by 80%) Total score: 34802 Latest messages: You displace maple. The gray unicorn butts! The gray unicorn kicks! You displace maple. Maple misses the gray unicorn. Maple bites the gray unicorn. The gray unicorn butts maple. The gray unicorn misses maple. You see here a statue of a forest centaur. The gray unicorn butts! The gray unicorn kicks! The gray unicorn butts! The gray unicorn kicks! This door is locked. You stop picking the lock. The gray unicorn butts! The gray unicorn kicks! You see here a statue of a forest centaur. Magical energies course through your body. The gray unicorn butts! The gray unicorn kicks! You die... Final status: Goodbye TKirby the Wizard, killed by a gray unicorn... You died in The Dungeons of Doom on dungeon level 7 with 34802 points, and 593 pieces of gold, after 3470 moves. You were level 5 with a maximum of 41 hit points when you died.